 Dungeon Crawl Stone Soup version 0.30-a0-723-gc1506a1cf0 (webtiles) character file.

Game seed: 15074922657306970620

42 kae the Digger (level 3, -3/19 HPs)
             Began as a Gargoyle Earth Elementalist on Jan 28, 2023.
             Slain by Terence
             ... wielding a +0 trident
              (5 damage)
             ... on level 2 of the Dungeon.
             The game lasted 00:02:12 (1096 turns).

kae the Digger (Gargoyle Earth Elementalist)        Turns: 1096, Time: 00:02:12

Health: -3/19      AC:  5    Str: 11    XL:     3   Next: 54%
Magic:  1/6        EV: 11    Int: 17    God:
Gold:   57         SH:  0    Dex: 10    Spells: 1/7 levels left

rFire   . . .      SeeInvis .    (no weapon)
rCold   . . .      Faith    .    (no shield)
rNeg    + . .      Spirit   .    a - +0 robe rPois โˆž Reflect .
                                 (no helmet)
rElec   +          Harm     .    (no cloak)
rCorr   .          Rampage  .    (no gloves)
Will    .....                    (no boots)
Stlth   ++                       (no amulet)
HPRegen 0.23/turn                (no ring)
MPRegen 0.10/turn                (no ring)

@: very slightly contaminated
A: sickness immunity, AC +3, negative energy resistance 1, electricity
resistance, torment resistance 1, petrification resistance
a: no special abilities


You were on level 2 of the Dungeon.
You visited 1 branch of the dungeon, and saw 2 of its levels.

You collected 57 gold pieces.


Innate Abilities, Weirdness & Mutations

You are immune to sickness and miasma.
Your stone body is resilient. (AC +3)
You are immune to poison.
You resist negative energy. (rN+)
You are resistant to electric shocks. (rElec)
You are resistant to unholy torment.
You are immune to petrification.


   Skills:
 - Level 1.5 Dodging
 - Level 2.1 Stealth
 + Level 2.5 Spellcasting
 * Level 0.9 Conjurations
 - Level 0.7 Transmutations
 * Level 4.8 Earth Magic


You had one spell level left.
You knew the following spells:

 Your Spells              Type           Power      Damage    Failure   Level
a - Sandblast             Erth           36%        2d10      2%          1
b - Passwall              Tmut/Erth      9%         N/A       9%          2
c - Stone Arrow           Conj/Erth      22%        3d8       17%         3

Your spell library contained the following spells:

 Spells                   Type           Power      Damage    Failure   Level
 Call Canine Familiar     Summ           2%         N/A       50%         3
 Portal Projectile        Hex/Tloc       4%         N/A       50%         3
 Petrify                  Tmut/Erth      11%        N/A       52%         4
 Leda's Liquefaction      Hex/Erth       5%         N/A       56%         4

Inventory:

Missiles
 e - 10 stones
Armour
 a - a +0 robe (worn)
Scrolls
 g - a scroll of brand weapon {unknown}
 j - a scroll of enchant weapon {unknown}
 k - a scroll of enchant armour {unknown}
 l - a scroll of summoning {unknown}
Potions
 b - 2 potions of magic
 c - a potion of curing {@q1}
 d - 2 potions of heal wounds {unknown}
 f - a potion of degeneration {unknown}
 h - a potion of flight {unknown}
 i - a potion of mutation {unknown}

Dungeon Overview and Level Annotations

Branches:
Dungeon (2/15) Zot: 10875

Altars:

Annotations:
D:2 Terence

#โ€ ...# #.#### #+ #โ€
# #. #.#####.#
#.########.......#
######.#.....##.#######
.........###.##.#
###...<.###.##.#
##...@รท.#.##.#
##.#.#@#.##.#
###.#......# #.###.####
#.....# #######


You could see Terence.


Message History

Casting: Sandblast (safe; 2% risk of failure)
Confirm with . or Enter, or press ? or * to list all spells.
The spell is extremely dangerous to miscast (17% risk of failure)!
Continue anyway? [Y]es or [N]o only, please.
The spell is extremely dangerous to miscast (17% risk of failure)!
Continue anyway?
Aiming: Stone Arrow (extremely dangerous; 17% risk of failure)
Press: ? - help, Shift-Dir - straight line, f/p - Terence
Aim: Terence, wielding a +0 trident and wearing a +2 scale mail of cold resistance (moderately wounded, 72% to hit)
The stone arrow hits Terence! ๐Ÿ˜Ž MP[-3]
You lost 3 mp, and now have 2/6 mp.
Casting: Stone Arrow (extremely dangerous; 17% risk of failure)
Confirm with . or Enter, or press ? or * to list all spells.
Aiming: Sandblast (safe; 2% risk of failure)
Press: ? - help, Shift-Dir - straight line, f/p - Terence
Aim: Terence, wielding a +0 trident and wearing a +2 scale mail of cold resistance (almost dead, 84% to hit)
The blast of sand hits Terence but does no damage.
Terence hits you from afar with a +0 trident! ๐Ÿ˜ฎ HP[-8] MP[-1]
You take 8 damage, and now have 11/19 hp.
MASSIVE DAMAGE!! (PAUSE)
You lost 1 mp, and now have 1/6 mp.
Casting: Sandblast (safe; 2% risk of failure)
Confirm with . or Enter, or press ? or * to list all spells.
Aiming: Sandblast (safe; 2% risk of failure)
Press: ? - help, Shift-Dir - straight line, f/p - Terence
Aim: Terence, wielding a +0 trident and wearing a +2 scale mail of cold resistance (almost dead, 84% to hit)
The blast of sand hits Terence but does no damage.
Terence barely misses you.
Terence hits you from afar with a +0 trident.
* * * LOW HITPOINT WARNING * * *
๐Ÿ˜จ HP[-4] MP[-1]
You take 4 damage, and now have 7/19 hp.
MASSIVE DAMAGE!! (PAUSE)
You lost 1 mp, and now have 0/6 mp.
Casting: Sandblast (safe; 2% risk of failure)
Confirm with . or Enter, or press ? or * to list all spells.
You don't have enough magic to cast this spell.
Terence closely misses you.
You climb upwards.
There is a stone staircase leading down here.
You start resting. ๐Ÿ˜• HP[+9] MP[+4]
You regained 9 hp, and now have 16/19 hp.
You regained 4 mp, and now have 4/6 mp.
You start resting. ๐Ÿ˜• HP[+1] MP[+1]
You climb downwards.
Level annotation: Terence
There is a stone staircase leading up here.
Casting: Sandblast (safe; 2% risk of failure)
Confirm with . or Enter, or press ? or * to list all spells.
You can't see any susceptible monsters within range! (Use Z to cast anyway.)
Casting: Sandblast (safe; 2% risk of failure)
Confirm with . or Enter, or press ? or * to list all spells.
You can't see any susceptible monsters within range! (Use Z to cast anyway.) ๐Ÿ˜• HP[+1]
Casting: Sandblast (safe; 2% risk of failure)
Confirm with . or Enter, or press ? or * to list all spells.
Aiming: Sandblast (safe; 2% risk of failure)
Press: ? - help, Shift-Dir - straight line, f - Terence
Aim: Terence, wielding a +0 trident and wearing a +2 scale mail of cold resistance (severely wounded, 84% to hit)
The blast of sand hits Terence.
Terence hits you from afar with a +0 trident! ๐Ÿ˜ฎ HP[-8] MP[-1]
You take 8 damage, and now have 10/19 hp.
MASSIVE DAMAGE!! (PAUSE)
You lost 1 mp, and now have 4/6 mp.
Casting: Sandblast (safe; 2% risk of failure)
Confirm with . or Enter, or press ? or * to list all spells.
Aiming: Sandblast (safe; 2% risk of failure)
Press: ? - help, Shift-Dir - straight line, f/p - Terence
Aim: Terence, wielding a +0 trident and wearing a +2 scale mail of cold resistance (severely wounded, 84% to hit)
You miscast Sandblast.
You are very lightly contaminated with residual magic.
Nothing appears to happen.
Terence barely misses you. ๐Ÿ˜ฎ MP[-1]
You lost 1 mp, and now have 3/6 mp.
Casting: Sandblast (safe; 2% risk of failure)
Confirm with . or Enter, or press ? or * to list all spells.
Aiming: Sandblast (safe; 2% risk of failure)
Press: ? - help, Shift-Dir - straight line, f/p - Terence
Aim: Terence, wielding a +0 trident and wearing a +2 scale mail of cold resistance (severely wounded, 84% to hit)
The blast of sand hits Terence.
Terence hits you from afar with a +0 trident.
* * * LOW HITPOINT WARNING * * *
๐Ÿ˜จ HP[-3] MP[-1]
You take 3 damage, and now have 7/19 hp.
You lost 1 mp, and now have 2/6 mp.
Unknown command.
Casting: Sandblast (safe; 2% risk of failure)
Confirm with . or Enter, or press ? or * to list all spells.
Aiming: Sandblast (safe; 2% risk of failure)
Press: ? - help, Shift-Dir - straight line, f/p - Terence
Aim: Terence, wielding a +0 trident and wearing a +2 scale mail of cold resistance (almost dead, 84% to hit)
The blast of sand hits Terence but does no damage.
Terence hits you from afar with a +0 trident.
* * * LOW HITPOINT WARNING * * *
Terence hits you from afar with a +0 trident.
You die...

Skill      XL: |  1 |
---------------+----+-----
Earth Magic    | 4 |  4.8
Dodging        | |  1.5
Stealth        | |  2.1
Spellcasting   | |  2.5
Conjurations   | |  0.9
Transmutations | |  0.7

Action                     || total
---------------------------++-------
  Melee: Unarmed           ||    77
   Cast: Sandblast         ||    51
         Stone Arrow       ||     1
    Use: Potion            ||     1
 Armour: Robe              ||    30
  Dodge: Dodged            ||    79

Levels and vault maps discovered:
D:1:      erik_arrival_triangle_medium, layout_basic
D:2:      layout_loops_corners, minmay_rat_hole, uniq_terence

Notes
Turn   | Place    | Note
-------+----------+-------------------------------------------
     0 | D:1      | kae the Gargoyle Earth Elementalist began the quest for the
                  | Orb.
     0 | D:1      | Reached XP level 1. HP: 10/10 MP: 3/3
     0 | D:1      | magus.rc [v1.11.3]
   114 | D:1      | Reached skill level 4 in Earth Magic
   156 | D:1      | Reached XP level 2. HP: 15/15 MP: 3/5
   263 | D:1      | Learned a level 2 spell: Passwall
   658 | D:1      | You pick up a book of the Hunter and begin reading...
   658 | D:1      | You add the spells Call Canine Familiar, Portal Projectile
                  | and Leda's Liquefaction to your library.
   680 | D:1      | Reached XP level 3. HP: 19/19 MP: 4/6
   684 | D:1      | Learned a level 3 spell: Stone Arrow
   952 | D:2      | Noticed Terence
  1096 | D:2      | HP: 2/19 [Terence/+0 trident (5)]
  1096 | D:2      | Slain by Terence

Vanquished Creatures
  A ball python (D:1)
  3 bats
  2 endoplasms (D:1)
  3 giant cockroaches
  2 goblins (D:1)
  5 hobgoblins
  4 kobolds (D:1)
  A quokka (D:2)
  3 frilled lizards (D:1)
  19 rats
43 creatures vanquished.

Table legend:
 A = Non-vault XP
 B = Vault XP
 C = Vault XP percentage of total XP
 D = Non-vault monster count
 E = Vault monster count
 F = Vault count percentage of total count
                 A         B        C        D         E       F
            +---------+---------+-------+---------+---------+-------
      Total |      40 |      20 |  33.3 |      24 |      19 |  44.2
            +---------+---------+-------+---------+---------+-------
        D:1 |      34 |       0 |   0.0 |      21 |       0 |   0.0
        D:2 |       6 |      20 |  76.9 |       3 |      19 |  86.4
            +---------+---------+-------+---------+---------+-------

Illustrated notes

Table legend:
 A = Kills in this place as a percentage of kills in entire the game.
 B = Kills by you in this place as a percentage of kills by you in the entire game.
 C = Kills by friends in this place as a percentage of kills by friends in the entire game.
 D = Other kills in this place as a percentage of other kills in the entire game.
 E = Experience gained in this place as a percentage of experience gained in the entire game.
 F = Experience gained in this place divided by the number of levels of this place that you have seen.
                   A       B       C       D       E      F
               +-------+-------+-------+-------+-------+----------------------
         Total | 100.0 | 100.0 |   N/A |   N/A | 100.0 |  30.0
       Dungeon | 100.0 | 100.0 |   N/A |   N/A | 100.0 |  30.0
               +-------+-------+-------+-------+-------+----------------------

Table legend: (Time is in decaauts)
 A = Elapsed time spent in this place.
 B = Non-inter-level travel time spent in this place.
 C = Inter-level travel time spent in this place.
 D = Time resting spent in this place.
 E = Time spent auto-exploring this place.
 F = Levels seen in this place.
 G = Mean time per level.
                   A        B        C        D        E       F      G
               +--------+--------+--------+--------+--------+-----+--------+
         Total |   1122 |   1106 |     16 |     96 |    722 |   2 |  561.0 |
       Dungeon |   1122 |   1106 |     16 |     96 |    722 |   2 |  561.0 |
               +--------+--------+--------+--------+--------+-----+--------+

Top non-repeatable levels by time:
     D:1: 869 daAuts
     D:2: 253 daAuts
